[Event "Team 45 45 League T68"]
[Site "Internet Chess Club"]
[Date "2016.03.29"]
[Round "3"]
[White "RickyWang"]
[Black "TheRailgun"]
[Result "0-1"]
[WhiteElo "1858"]
[BlackElo "1830"]
[Opening "Sicilian: Najdorf"]
[ECO "B90"]
[Time "20:11:20"]
[TimeControl "2700+45"]

1. e4 c5 2. Nf3 d6 3. d4 cxd4 4. Nxd4 Nf6 5. Nc3 a6 6. f3 e5 7. Nb3 Be6 8. Be3
Nbd7 9. Qd2 h5 10. Nd5 Bxd5 11. exd5 Be7 12. c4 Qc7 13. Bd3 h4 14. O-O h3 15. g3
b6 16. Qb4 Rb8 17. Rac1 Nc5 18. Nxc5 bxc5 19. Qa4+ Nd7 20. Qxa6 O-O 21. Qa3 f5
22. Qc3 Qa7 23. a3 Qb7 24. Rb1 Qb3 25. Qc2 e4 26. fxe4 fxe4 27. Rxf8+ Bxf8 28.
Qxb3 Rxb3 29. Bxe4 Rxe3 30. Bf5 Ne5 31. Bxh3 Nxc4 32. Be6+ Kh7 33. Rf1 Be7 34.
Rf7 Bf6 35. Kf2 Rb3 36. Bf5+ Kh6 37. h4 Rxb2+ 38. Kg1 Bd4+ 39. Kh1 g6 40. Be4
Rf2 41. Ra7 Ne5 42. Ra6 Ng4 43. Kg1 Re2+ 44. Kf1 Rxe4 45. Rxd6 Re3 46. a4 Rxg3
47. a5 Ra3 48. a6 Ra2 49. Rc6 Ne3+ 50. Ke1 Nxd5 51. Rd6 Nb4 52. h5 Kxh5 53. Kd1
Rxa6 54. Rd7 Ra2 55. Kc1 Nd3+ 56. Kd1 Ne5 57. Rh7+ Kg5 58. Kc1 Nc6 59. Kb1 Rf2
60. Rc7 Nb4 61. Kc1 Bc3 62. Rxc5+ Kg4 63. Rc4+ Kf5 64. Kd1 Rd2+ 65. Kc1 Nd3+ 66.
Kb1 Rb2+ 67. Ka1 Rb3+ 68. Ka2 Nc1# {White checkmated} 0-1

[Event "Team 45 45 League T68"]
[Site "Internet Chess Club"]
[Date "2016.03.25"]
[Round "3"]
[White "chessnow"]
[Black "anna"]
[Result "0-1"]
[WhiteElo "1757"]
[BlackElo "1839"]
[Opening "Ruy Lopez: closed, Smyslov defense"]
[ECO "C93"]
[Time "12:02:28"]
[TimeControl "2700+45"]

1. e4 e5 2. Nf3 Nc6 3. Bb5 a6 4. Ba4 Nf6 5. O-O Be7 6. Re1 b5 7. Bb3 O-O 8. c3
d6 9. h3 h6 10. d4 exd4 11. cxd4 Bb7 12. Bf4 Nh7 13. Nc3 Ng5 14. Nxg5 Bxg5 15.
Bxg5 Qxg5 16. Bd5 Rab8 17. Ne2 Ne7 18. Bxb7 Rxb7 19. Ng3 Ng6 20. Nf5 Re8 21. Rc1
Nf4 22. Qf3 Ne6 23. e5 d5 24. Qxd5 Rbb8 25. Qe4 g6 26. Ng3 Rbc8 27. Rc6 Qd2 28.
d5 Ng5 29. Qe2 Qxd5 30. Rxa6 Ra8 31. Rxa8 Rxa8 32. a3 Rd8 33. f4 Ne6 34. Qe3 Qd2
35. Re2 Qxe3+ 36. Rxe3 Nxf4 37. Ne4 Kf8 38. Rc3 Ne2+ 39. Kf2 Nxc3 40. bxc3 Ke7
41. Ke3 Ra8 42. Kd4 Rxa3 43. Kc5 Ke6 44. Kxb5 Kxe5 45. Kb4 Kxe4 46. Kxa3 f5 47.
Kb4 Kd5 48. Kb5 c6+ 49. Kb6 g5 50. c4+ Kxc4 51. Kxc6 Kd4 52. Kd6 Ke4 53. Ke6 h5
54. Kf6 g4 55. hxg4 hxg4 56. Kg5 g3 57. Kh4 f4 58. Kg4 Ke3 59. Kh3 Kf2 60. Kg4
Kxg2 61. Kxf4 Kf2 {White resigns} 0-1

[Event "Team 45 45 League T68"]
[Site "Internet Chess Club"]
[Date "2016.03.27"]
[Round "3"]
[White "vjbaker"]
[Black "anishio"]
[Result "1-0"]
[WhiteElo "1768"]
[BlackElo "1757"]
[Opening "Ruy Lopez: 5.O-O"]
[ECO "C78"]
[Time "20:30:57"]
[TimeControl "2700+45"]

1. e4 e5 2. Nf3 Nc6 3. Bb5 a6 4. Ba4 Nf6 5. O-O b5 6. Bb3 Bc5 7. d3 d6 8. Nc3 h6
9. Nd5 Bg4 10. h3 Bh5 11. Nxf6+ Qxf6 12. Bd5 Kd7 13. g4 Bg6 14. c3 Rad8 15. a4
b4 16. Be3 bxc3 17. bxc3 Ne7 18. Bxc5 Nxd5 19. exd5 dxc5 20. Qe2 Rhe8 21. Rfe1
e4 22. dxe4 Bxe4 23. Nd2 Bxd5 24. Qd3 Qd6 25. Rad1 Be6 26. Qf3 Ke7 27. Nc4 Qxd1
28. Rxd1 Rxd1+ 29. Qxd1 Bxc4 30. Qf3 Kd7 31. Qf5+ Kc6 32. Qf3+ Bd5 33. Qd3 c4
34. Qd4 g5 35. f4 Re4 36. Qf6+ Re6 37. Qd4 Kd6 38. f5 Re5 39. Kf2 c5 40. Qd2 f6
41. Qb2 Kc7 42. a5 Bc6 43. Qb6+ Kd7 44. Qxa6 Re4 45. Qa7+ Kd6 46. Qf7 Rf4+ 47.
Ke2 Re4+ 48. Kd2 Ke5 49. Qe7+ Kf4 50. Qd6+ {Black resigns} 1-0

[Event "Team 45 45 League T68"]
[Site "Internet Chess Club"]
[Date "2016.03.27"]
[Round "3"]
[White "gyu123987kool"]
[Black "Littlemon"]
[Result "0-1"]
[WhiteElo "1712"]
[BlackElo "1605"]
[Opening "Ruy Lopez: classical (Cordel) defense"]
[ECO "C64"]
[Time "12:33:35"]
[TimeControl "2700+45"]

1. e4 e5 2. Nf3 Nc6 3. Bb5 Bc5 4. O-O Nd4 5. Nxd4 Bxd4 6. c3 Bb6 7. d4 Nf6 8.
Bg5 h6 9. Bh4 c6 10. Bc4 exd4 11. e5 d5 12. exf6 g5 13. Re1+ Be6 14. Bg3 dxc4
15. Qe2 d3 16. Qd1 Bc7 17. Nd2 Bxg3 18. hxg3 Qd5 19. Qa4 O-O 20. Qd1 Qf5 21. Ne4
Rfd8 22. Qh5 d2 {White resigns} 0-1

[Event "Team 45 45 League T68"]
[Site "Internet Chess Club"]
[Date "2016.04.02"]
[Round "3"]
[White "lacibacsi"]
[Black "SlimeDog2"]
[Result "1-0"]
[WhiteElo "2081"]
[BlackElo "2026"]
[Opening "Center game: Berger variation"]
[ECO "C22"]
[Time "16:09:32"]
[TimeControl "2700+45"]

1. e4 e5 2. d4 exd4 3. Qxd4 Nc6 4. Qe3 Nf6 5. Nc3 Bb4 6. Bd2 O-O 7. O-O-O Re8 8.
Qg3 Rxe4 9. a3 Bd6 10. f4 Re8 11. Bd3 Bf8 12. Nf3 d5 13. Ne5 d4 14. Ne4 Nxe4 15.
Bxe4 Qf6 16. Qd3 g6 17. Bxc6 bxc6 18. Qxd4 c5 19. Qa4 Qe6 20. Kb1 Bb7 21. Rhe1
Rad8 22. Nd7 Qd6 23. Rxe8 Rxd7 24. Qxa7 Bxg2 25. Qb8 Bf3 26. Rde1 Qxd2 27. Rxf8+
Kg7 28. Rg8+ Kf6 29. Qe8 Kf5 30. Qe5+ Kg4 31. Qg5+ Kh3 32. Qg3# {Black
checkmated} 1-0

[Event "Team 45 45 League T68"]
[Site "Internet Chess Club"]
[Date "2016.03.24"]
[Round "3"]
[White "sharky123"]
[Black "Tobiasdelmonte"]
[Result "1-0"]
[WhiteElo "1839"]
[BlackElo "1745"]
[Opening "Petrov three knights game"]
[ECO "C42"]
[Time "23:00:43"]
[TimeControl "2700+45"]

1. e4 e5 2. Nf3 Nf6 3. Nc3 Bb4 4. Bc4 Nxe4 5. Nxe5 O-O 6. Nxf7 Rxf7 7. Bxf7+
Kxf7 8. Nxe4 d5 9. Ng3 Nc6 10. c3 Bd6 11. Qh5+ Kg8 12. Qxd5+ Kh8 13. O-O Qf6 14.
Ne4 Qg6 15. Nxd6 cxd6 16. Re1 Bg4 17. d4 Rf8 18. Qg5 Qc2 19. Be3 Bf5 20. Bf4 h6
21. Qg3 d5 22. Be5 Rf7 23. Qf4 Kh7 24. Qe3 Qxb2 25. Qc1 Qb6 26. Qa3 Be4 27. f3
Bd3 28. Kh1 Qd8 29. Qd6 Rd7 30. Qc5 Qg5 31. Rad1 Bc4 32. a3 a6 33. Qf8 Qg6 34.
Qf4 Rf7 35. Qe3 Ne7 36. Qf2 Nf5 37. Rb1 b5 38. h3 Kg8 39. g4 Ne7 40. f4 Bd3 41.
Rbc1 Be4+ 42. Kh2 Nc6 43. Qh4 Rf8 44. Rf1 Bd3 45. Rf2 Qe4 46. Qg3 g5 47. fxg5
Rxf2+ 48. Qxf2 Nxe5 49. dxe5 Qxe5+ 50. Qg3 Qe2+ 51. Kg1 hxg5 52. Re1 Qd2 53.
Qb8+ Kf7 54. Qe8+ Kg7 55. Re7+ Kf6 56. Qf7# {Black checkmated} 1-0

[Event "Team 45 45 League T68"]
[Site "Internet Chess Club"]
[Date "2016.03.28"]
[Round "3"]
[White "JPSVI"]
[Black "Holzschlange"]
[Result "1/2-1/2"]
[WhiteElo "1572"]
[BlackElo "1844"]
[Opening "Queen's pawn, Mason variation"]
[ECO "D00"]
[Time "20:12:36"]
[TimeControl "2700+45"]

1. d4 d5 2. Bf4 e6 3. Nf3 c5 4. e3 Nc6 5. a3 Nf6 6. dxc5 Bxc5 7. c4 O-O 8. b4
Bb6 9. Nc3 Re8 10. cxd5 exd5 11. Be2 d4 12. Nxd4 Nxd4 13. exd4 Bxd4 14. Rc1 Bg4
15. f3 Bf5 16. Nb5 Bb6 17. Nd6 Nh5 18. Nxe8 Nxf4 {Game drawn by mutual
agreement} 1/2-1/2

[Event "Team 45 45 League T68"]
[Site "Internet Chess Club"]
[Date "2016.03.25"]
[Round "3"]
[White "idjit"]
[Black "nidusin2"]
[Result "1/2-1/2"]
[WhiteElo "1573"]
[BlackElo "1585"]
[Opening "Scotch: Schmidt variation"]
[ECO "C45"]
[Time "21:00:37"]
[TimeControl "2700+45"]

1. e4 Nc6 2. d4 e5 3. Nf3 exd4 4. Nxd4 Nf6 5. Nc3 Bb4 6. Nxc6 bxc6 7. Qd4 Qe7 8.
Bd3 d5 9. O-O c5 10. Bb5+ Kf8 11. Qd3 dxe4 12. Nxe4 Qxe4 13. Qxe4 Nxe4 14. Bc6
Rb8 15. Bxe4 Bb7 16. Bxb7 Rxb7 17. Be3 c4 18. Rad1 Bd6 19. b3 cxb3 20. axb3 f6
21. Ra1 c5 22. Ra6 Ke7 23. Rfa1 Rhb8 24. Rxa7 c4 25. Rxb7+ Rxb7 26. Rb1 Ke6 27.
Kf1 cxb3 28. cxb3 Bb4 29. Ke2 g6 30. Kd3 Kd5 31. Ra1 Rc7 32. Bd2 Bxd2 33. Kxd2
Rb7 34. Kc3 Rc7+ 35. Kb2 Ke4 36. Rd1 f5 37. b4 Rb7 38. Kb3 g5 39. Rd2 f4 40. Kc4
Rc7+ 41. Kb5 Rb7+ 42. Kc5 g4 43. b5 Rc7+ 44. Kb6 Rc1 45. Ka7 Ra1+ 46. Kb8 Rb1
47. Re2+ Kf5 48. f3 Rxb5+ 49. Kc7 gxf3 50. gxf3 Rb3 51. Rf2 Kg5 {Game drawn by
mutual agreement} 1/2-1/2

[Event "Team 45 45 League T68"]
[Site "Internet Chess Club"]
[Date "2016.03.28"]
[Round "3"]
[White "f5"]
[Black "MikeTtheGuru"]
[Result "1-0"]
[WhiteElo "2082"]
[BlackElo "1989"]
[Opening "Trompowsky attack (Ruth, Opocenský opening)"]
[ECO "A45"]
[Time "22:30:36"]
[TimeControl "2700+45"]

1. d4 Nf6 2. Bg5 Ne4 3. Bf4 c5 4. f3 Qa5+ 5. c3 Nf6 6. Nd2 cxd4 7. Nb3 Qd8 8.
cxd4 d5 9. e3 e6 10. g4 Bb4+ 11. Kf2 O-O 12. Bd3 Bd6 13. Bg3 Nc6 14. g5 Ne8 15.
f4 g6 16. Rc1 Bd7 17. Nf3 Rc8 18. Nc5 Bxc5 19. Rxc5 Nb4 20. Bb1 Rxc5 21. dxc5
Na6 22. Qd4 Ng7 23. Ne5 Nb8 24. Rc1 Nc6 25. Nxc6 Bxc6 26. Kg1 Re8 27. h4 Nf5 28.
Bxf5 exf5 29. Bf2 Qa5 30. Be1 Qa4 31. Bc3 Qxd4 32. Bxd4 h6 33. Kf2 h5 34. b3 Kf8
35. a4 Ke7 36. Ke2 Kd7 37. Be5 Kc8 38. Kd3 Kd7 39. Kd4 Re6 40. Ra1 Re8 41. b4 b6
42. cxb6 axb6 43. b5 Bb7 44. Rc1 Rc8 45. Rxc8 Bxc8 46. Bb8 Bb7 47. Ke5 Ba8 48.
Bd6 Bb7 49. Bb4 d4 50. exd4 Be4 51. d5 Bd3 52. Bc3 Bc4 53. Bb4 Bd3 54. Kf6 Ke8
55. d6 Bc4 56. a5 bxa5 57. b6 Bd5 58. Bxa5 Kd7 59. Bb4 Ke8 60. Bc5 Ba8 61. d7+
Kxd7 62. Kxf7 {Black resigns} 1-0

[Event "Team 45 45 League T68"]
[Site "Internet Chess Club"]
[Date "2016.03.26"]
[Round "3"]
[White "jjimalo"]
[Black "santiagoelawad"]
[Result "0-1"]
[WhiteElo "1824"]
[BlackElo "1990"]
[Opening "Queen's pawn game, Darooha variation "]
[ECO "D02"]
[Time "11:01:21"]
[TimeControl "2700+45"]

1. d4 d5 2. Nf3 Nf6 3. g3 Bf5 4. Bg2 e6 5. O-O Be7 6. c4 c6 7. b3 O-O 8. Nc3 h6
9. Bb2 Nbd7 10. Rc1 Bh7 11. cxd5 exd5 12. e3 Ne4 13. Nd2 Nxc3 14. Rxc3 Nf6 15.
f3 Bb4 16. Rc1 Re8 17. Qe2 Qa5 18. Rfd1 Qxa2 19. Bc3 Bxc3 20. Rxc3 Qa5 21. Rc5
Qd8 22. Ra1 a6 23. Rc3 Qd6 24. Ra4 Re7 25. Qf2 Rae8 26. Bf1 Bg6 27. Be2 Re6 28.
Kg2 Nd7 29. Nf1 Nb6 30. Ra1 Qe7 31. Bd3 Bxd3 32. Rxd3 Nc8 33. Qc2 Nd6 34. Rdd1
g6 35. g4 Kg7 36. Re1 f5 37. h3 f4 38. Qd3 Qf6 39. Ra2 fxe3 40. Rae2 Nb5 41.
Rxe3 Rxe3 42. Rxe3 Rxe3 43. Qxe3 Nxd4 44. Nd2 Ne6 45. Qb6 Qe7 46. Qe3 g5 47.
Qe5+ Kf7 48. Qh8 Nf4+ {White resigns} 0-1

[Event "Team 45 45 League T68"]
[Site "Internet Chess Club"]
[Date "2016.03.28"]
[Round "3"]
[White "elmaestro"]
[Black "primerpaso"]
[Result "0-1"]
[WhiteElo "1706"]
[BlackElo "1834"]
[Opening "English, 1...Nf6 (Anglo-Indian defense)"]
[ECO "A15"]
[Time "19:16:30"]
[TimeControl "2700+45"]

1. c4 Nf6 2. g3 g6 3. Bg2 Bg7 4. Nf3 O-O 5. O-O c6 6. Nc3 d5 7. cxd5 cxd5 8. d4
Nc6 9. Bg5 h6 10. Bf4 a6 11. Ne5 e6 12. Nxc6 bxc6 13. Rc1 Nh5 14. Be3 Qe7 15.
Na4 Bd7 16. Nb6 Rab8 17. Nxd7 Qxd7 18. b3 Kh7 19. Qd3 Rb6 20. Rc2 Rc8 21. Rfc1
Bf8 22. Bd2 Ba3 23. Re1 Nf6 24. Bf3 c5 25. Qe3 cxd4 26. Qxh6+ Kg8 27. Rxc8+ Qxc8
28. Bg5 Ne8 29. Qh4 Qc5 30. e4 Qc3 31. exd5 Qxe1+ 32. Kg2 Qe5 33. Bf4 Qf6 34.
Bg5 Qg7 35. dxe6 Rxe6 36. Bd5 Re5 37. Bh6 Qh7 38. Bc4 Rh5 39. Qd8 Qxh6 40. Qxe8+
Qf8 41. Bxf7+ Kg7 42. Qxf8+ Bxf8 43. Bc4 a5 44. f4 Kf6 45. g4 Rh7 46. Bd3 Rc7
47. h4 Rc3 48. g5+ Kg7 49. Be4 Re3 50. Bb1 Re1 51. Bd3 Rd1 52. Be4 d3 53. f5
gxf5 54. Bxf5 d2 55. Bg4 Re1 {White resigns} 0-1

[Event "Team 45 45 League T68"]
[Site "Internet Chess Club"]
[Date "2016.03.26"]
[Round "3"]
[White "GreyWarden"]
[Black "Monterrey"]
[Result "1/2-1/2"]
[WhiteElo "1974"]
[BlackElo "2001"]
[Opening "French: Steinitz, Boleslavsky variation"]
[ECO "C11"]
[Time "15:00:34"]
[TimeControl "2700+45"]

1. e4 e6 2. d4 d5 3. Nc3 Nf6 4. e5 Nfd7 5. f4 c5 6. Nf3 Nc6 7. Be3 Be7 8. Be2 b6
9. O-O O-O 10. Kh1 f5 11. exf6 Nxf6 12. Bb5 Qc7 13. Bxc6 Qxc6 14. Ne5 Qe8 15.
Qe2 a5 16. a4 Ba6 17. Nb5 Bxb5 18. Qxb5 Qxb5 19. axb5 c4 20. f5 Bd6 21. fxe6
Rae8 22. Nd7 Nxd7 23. exd7 Rd8 24. Rxf8+ Bxf8 25. Bf4 Rxd7 26. Re1 Kf7 27. g4 g6
28. Kg2 Bg7 29. c3 Bf8 30. Be5 Bd6 31. Kg3 Bxe5+ 32. Rxe5 h6 33. h4 Rd8 34. g5
h5 35. Re2 Rd6 36. Kf4 Rd8 37. Re5 Rd6 38. Kg3 Rd8 39. Re3 Rd6 40. Re5 Rd8 41.
Re3 {Game drawn by mutual agreement} 1/2-1/2

[Event "Team 45 45 League T68"]
[Site "Internet Chess Club"]
[Date "2016.03.26"]
[Round "3"]
[White "searchforbobby1"]
[Black "Percival"]
[Result "1-0"]
[WhiteElo "2016"]
[BlackElo "1979"]
[Opening "French: Winawer, advance, Bogolyubov variation"]
[ECO "C17"]
[Time "22:05:39"]
[TimeControl "2700+45"]

1. e4 e6 2. d4 d5 3. Nc3 Bb4 4. e5 c5 5. Bd2 Ne7 6. Nb5 Bxd2+ 7. Qxd2 O-O 8. f4
a6 9. Nd6 cxd4 10. Nf3 Nbc6 11. Bd3 Qb6 12. O-O Bd7 13. a3 g6 14. Qf2 Kg7 15.
Qh4 Ng8 16. Ng5 h6 17. Nf3 Nce7 18. g4 Nc8 19. Nxc8 Rfxc8 20. f5 Bb5 21. f6+ Kf8
22. g5 h5 23. Qxd4 Qc6 24. Qb4+ Ke8 25. Nd4 Qb6 26. Bxb5+ axb5 27. Qxb5+ Qxb5
28. Nxb5 Rxc2 29. Rac1 Rxc1 30. Rxc1 Kd8 31. Nd6 {Black resigns} 1-0

[Event "Team 45 45 League T68"]
[Site "Internet Chess Club"]
[Date "2016.03.28"]
[Round "3"]
[White "nurmi"]
[Black "chsrules88"]
[Result "1/2-1/2"]
[WhiteElo "2096"]
[BlackElo "2058"]
[Opening "English opening"]
[ECO "A20"]
[Time "18:00:26"]
[TimeControl "2700+45"]

1. c4 e5 2. g3 Nf6 3. Bg2 d5 4. cxd5 Nxd5 5. Nc3 Be6 6. Nf3 Nc6 7. O-O Be7 8. d4
Nxc3 9. bxc3 exd4 10. cxd4 O-O 11. e4 Bg4 12. Bb2 Bf6 13. e5 Be7 14. d5 Nb4 15.
h3 Bh5 16. g4 Bg6 17. Ne1 Bc5 18. a3 Na6 19. Kh1 Qe7 20. f4 f6 21. exf6 gxf6 22.
Qb3 Qd6 23. Nc2 Bb6 24. Rad1 Nc5 25. Qc4 Rae8 26. f5 Bf7 27. g5 c6 28. Bc1 Bxd5
29. Qg4 Kh8 30. gxf6 Qxf6 31. Bxd5 cxd5 32. Nb4 Re4 33. Qg2 Rg8 34. Qf3 Qh4 35.
Nxd5 Rg3 36. Bb2+ Kg8 37. Qxg3+ Qxg3 38. Rg1 Rg4 39. Rxg3 Rxg3 40. Kh2 Rd3 41.
Rxd3 Nxd3 42. Bc3 Bc5 43. a4 Bd6+ 44. Kg2 Nf4+ 45. Nxf4 Bxf4 46. Kf3 Bd6 47. Ke4
Kf7 48. Kd5 Bg3 49. Bd4 a6 50. Kc5 Bc7 51. Kd5 Ke7 52. Bc3 Kf7 53. Be1 Kf6 54.
Ke4 Bd6 55. Bh4+ Kf7 56. Kd5 Bc7 57. Bg5 Bg3 58. Bd8 Ke8 59. Bg5 Kf7 60. Kc5 Bc7
61. h4 h5 62. Kd5 Bg3 63. Bd8 Ke8 64. Bf6 Kf7 65. Bg5 Bc7 66. Kc5 Ke8 67. Kd5
Kf7 68. Kc5 {Game drawn by mutual agreement} 1/2-1/2

[Event "Team 45 45 League T68"]
[Site "Internet Chess Club"]
[Date "2016.03.24"]
[Round "3"]
[White "fishhead"]
[Black "zap2"]
[Result "1-0"]
[WhiteElo "1839"]
[BlackElo "1769"]
[Opening "Caro-Kann: Panov-Botvinnik attack, 5...e6"]
[ECO "B14"]
[Time "11:01:11"]
[TimeControl "2700+45"]

1. e4 c6 2. d4 d5 3. exd5 cxd5 4. c4 Nf6 5. Nc3 e6 6. Nf3 Nc6 7. Be2 Be7 8. O-O
dxc4 9. Bxc4 Nb4 10. Ne5 O-O 11. Bg5 Qc7 12. Rc1 Qa5 13. Qf3 Rd8 14. Ne4 Nbd5
15. Bxd5 Qxd5 16. Bxf6 gxf6 17. Nxf6+ Bxf6 18. Qxf6 Rf8 19. Rc3 {Black resigns}
1-0

[Event "Team 45 45 League T68"]
[Site "Internet Chess Club"]
[Date "2016.03.27"]
[Round "3"]
[White "CuatroPrincesas"]
[Black "EndgamesMaster"]
[Result "1/2-1/2"]
[WhiteElo "2166"]
[BlackElo "2335"]
[Opening "Petrov: Nimzovich attack"]
[ECO "C42"]
[Time "16:59:18"]
[TimeControl "2700+45"]

1. e4 e5 2. Nf3 Nf6 3. Nxe5 d6 4. Nf3 Nxe4 5. Nc3 Nxc3 6. dxc3 Be7 7. Bf4 O-O 8.
Qd2 Nd7 9. O-O-O Nc5 10. Bc4 Be6 11. Bxe6 fxe6 12. Be3 Ne4 13. Qd3 d5 14. h4 h6
15. Kb1 c6 16. Rdf1 Bc5 17. Nd2 Bxe3 18. Qxe3 Nxd2+ 19. Qxd2 e5 20. f3 {Game
drawn by mutual agreement} 1/2-1/2

[Event "Team 45 45 League T68"]
[Site "Internet Chess Club"]
[Date "2016.03.26"]
[Round "3"]
[White "infiniteshug"]
[Black "frontier"]
[Result "1-0"]
[WhiteElo "2181"]
[BlackElo "1851"]
[Opening "French: King's Indian attack"]
[ECO "C00"]
[Time "19:00:52"]
[TimeControl "2700+45"]

1. e4 e6 2. d3 c5 3. Nf3 Nc6 4. g3 g6 5. Bg2 Bg7 6. O-O d6 7. c3 e5 8. Nbd2 Nge7
9. a4 h6 10. Nc4 Be6 11. Be3 f5 12. Nfd2 O-O 13. f4 b6 14. fxe5 dxe5 15. Qe2 Qd7
16. exf5 gxf5 17. a5 Rab8 18. axb6 axb6 19. Ra6 b5 20. Nb6 Qd6 21. Rfa1 Rfd8 22.
Bf1 Nd5 23. Nxd5 Bxd5 24. Qf2 c4 25. dxc4 bxc4 26. Nxc4 Qe6 27. Nb6 Bb3 28. R6a3
Kh8 29. Bh3 Nd4 30. cxd4 exd4 31. Bd2 d3 32. Ra8 Bd4 33. Qxd4+ Rxd4 34. Rxb8+
Kh7 35. Ra7+ Kg6 36. Rh8 Rh4 37. Nd7 Qe4 38. Nf8+ Kf6 39. Bc3+ Kg5 40. Nh7+ Kg6
41. Rg7+ {Black resigns} 1-0

[Event "Team 45 45 League T68"]
[Site "Internet Chess Club"]
[Date "2016.03.27"]
[Round "3"]
[White "PoisonPawn"]
[Black "GreyWarden"]
[Result "0-1"]
[WhiteElo "2165"]
[BlackElo "1999"]
[Opening "Evans gambit"]
[ECO "C52"]
[Time "15:08:57"]
[TimeControl "2700+45"]

1. e4 e5 2. Nf3 Nc6 3. Bc4 Bc5 4. b4 Bxb4 5. c3 Ba5 6. d4 exd4 7. Qb3 Qe7 8. O-O
Bb6 9. cxd4 Nxd4 10. Nxd4 Bxd4 11. Nc3 Nf6 12. Ba3 d6 13. Rad1 Bxc3 14. Qxc3 O-O
15. e5 Qxe5 16. Qxe5 dxe5 17. Bxf8 Kxf8 18. Rd8+ Ke7 19. Rfd1 b6 20. Ba6 Bb7 21.
Rxa8 Bxa8 22. a4 Bd5 23. a5 c6 24. axb6 axb6 25. f3 b5 26. Kf2 Kd6 27. Ke3 Nd7
28. Bc8 Nb6 29. Bf5 Nc4+ 30. Ke2 g6 31. Be4 b4 32. Bxd5 cxd5 33. Ra1 Na3 34. Kd3
f5 35. h4 e4+ 36. fxe4 fxe4+ 37. Ke3 Nc2+ {White resigns} 0-1

[Event "Team 45 45 League T68"]
[Site "Internet Chess Club"]
[Date "2016.03.24"]
[Round "3"]
[White "Percival"]
[Black "VictorRed"]
[Result "1-0"]
[WhiteElo "2012"]
[BlackElo "1735"]
[Opening "QGD Slav defense: exchange variation"]
[ECO "D10"]
[Time "22:00:13"]
[TimeControl "2700+45"]

1. d4 d5 2. c4 c6 3. cxd5 cxd5 4. Nc3 e6 5. Bf4 Bd7 6. e3 Bb4 7. Rc1 Nf6 8. Bd3
a6 9. Nf3 Ne4 10. O-O Nxc3 11. bxc3 Ba3 12. Rb1 b5 13. Ne5 g6 14. Qg4 Nc6 15.
Nxc6 Bxc6 16. Bh6 Be7 17. f4 Bd7 18. Qf3 Qa5 19. Rbc1 Rc8 20. f5 Rxc3 21. fxg6
fxg6 22. Bg7 Rxc1 23. Qf7+ Kd8 24. Rxc1 Qd2 25. Qf1 Qxe3+ 26. Kh1 Rg8 27. Be5
Rf8 28. Qd1 Rf2 29. Qg1 Qd2 30. Rc2 Qxd3 31. Rxf2 h5 32. h3 g5 33. Qc1 g4 34.
Qc7+ Ke8 35. Qb8+ Bd8 36. Bc7 Qd1+ 37. Kh2 g3+ 38. Kxg3 Qd3+ 39. Kh2 {Black
resigns} 1-0

[Event "Team 45 45 League T68"]
[Site "Internet Chess Club"]
[Date "2016.03.28"]
[Round "3"]
[White "NFork"]
[Black "Setne"]
[Result "1-0"]
[WhiteElo "2103"]
[BlackElo "2206"]
[Opening "Queen's pawn game"]
[ECO "A46"]
[Time "10:00:34"]
[TimeControl "2700+45"]

1. d4 Nf6 2. Nf3 e6 3. g3 d5 4. Bg2 Nbd7 5. O-O b5 6. a4 b4 7. a5 Ba6 8. Nbd2 c5
9. c4 cxd4 10. Qa4 Rc8 11. cxd5 Nxd5 12. Nxd4 Qc7 13. Bxd5 exd5 14. N2f3 Bc5 15.
Qb3 O-O 16. Qxd5 Nf6 17. Qf5 Rcd8 18. Be3 Nd5 19. Rfc1 g6 20. Qc2 Rc8 21. Bh6
Rfe8 22. Qd2 Qd7 23. Nb3 Bxf2+ 24. Kxf2 Rxe2+ 25. Qxe2 Bxe2 26. Kxe2 Re8+ 27.
Kf2 Qh3 28. Bd2 Nf6 29. Re1 Ne4+ 30. Kg1 f5 31. Ng5 Qg4 32. Nxe4 Rxe4 33. Be3 a6
34. Bf2 Qf3 35. Nc5 Re2 36. Rxe2 Qxe2 37. b3 f4 38. Re1 Qc2 39. gxf4 Qa2 40. Re7
Qa1+ 41. Kg2 Qd1 42. h3 Qd5+ 43. Kg3 g5 44. Re4 h5 45. fxg5 Qxg5+ 46. Kh2 Qf5
47. Bd4 Qf3 48. h4 Qd1 49. Kg3 Qf1 50. Rf4 Qe1+ 51. Kf3 Qh1+ 52. Ke3 Qe1+ 53.
Kd3 Qb1+ 54. Ke2 Qc2+ 55. Kf3 Qd1+ 56. Ke4 Qc2+ 57. Kd5 Qg2+ 58. Re4 Qa2 59. Re5
Qxa5 60. Rxh5 Qa2 61. Rg5+ Kh7 62. Rg7+ Kh6 63. Ra7 Qg2+ 64. Kc4 Qf1+ 65. Kxb4
Qb5+ 66. Kc3 a5 67. Re7 Qb4+ 68. Kd3 a4 69. bxa4 Qb1+ 70. Kc4 Qf1+ 71. Kd5 Qf5+
72. Kc6 Qc8+ 73. Rc7 Qe8+ 74. Rd7 Qa8+ 75. Kb5 Qb8+ 76. Kc4 Qb1 77. a5 Qf1+ 78.
Kb4 Qb1+ 79. Ka4 Qa2+ 80. Kb5 Qb1+ 81. Kc6 Qh1+ 82. Kc7 Qxh4 83. a6 Qf4+ 84.
Rd6+ Kh7 85. a7 Qf3 86. Nb7 Qa3 87. Kb8 Qc1 88. a8=Q Qc7+ 89. Ka7 Qa5+ 90. Ra6
Qb6+ 91. Kxb6 {Black resigns} 1-0

[Event "Team 45 45 League T68"]
[Site "Internet Chess Club"]
[Date "2016.03.26"]
[Round "3"]
[White "egyptiantiger"]
[Black "Agarnez"]
[Result "0-1"]
[WhiteElo "1923"]
[BlackElo "1976"]
[Opening "King's Indian: orthodox, Aronin-Taimanov, bayonet attack"]
[ECO "E97"]
[Time "17:00:19"]
[TimeControl "2700+45"]

1. d4 Nf6 2. c4 g6 3. Nc3 Bg7 4. e4 d6 5. Be2 O-O 6. Nf3 e5 7. O-O Nc6 8. d5 Ne7
9. b4 Ne8 10. a4 f5 11. a5 Nf6 12. Nd2 Rf7 13. f3 f4 14. c5 g5 15. Ba3 Ng6 16.
cxd6 cxd6 17. Nc4 Bf8 18. b5 h5 19. h3 Rh7 20. b6 a6 21. Rc1 g4 22. fxg4 hxg4
23. hxg4 Rh4 24. Nd2 Nxg4 25. Bxg4 Rxg4 26. Nf3 Nh4 27. Nxh4 Qxh4 28. Qe1 Rg3
29. Ne2 Bg4 30. Bb4 Bxe2 31. Qxe2 Re3 32. Qf2 Qg4 33. Rfe1 Rb3 34. Rc4 Be7 35.
Bc3 Bh4 36. Qe2 f3 37. Qxf3 Qxf3 38. gxf3 Rxc3 39. Rxc3 Bxe1 40. Rc7 Rb8 41. Rd7
Bxa5 42. Rxd6 Kf7 43. Kg2 Bc3 44. Rh6 Rg8+ 45. Kf1 Bd4 46. Ke2 Rg6 47. Rh7+ Rg7
48. Rh6 Rg6 49. Rh7+ Ke8 50. Rxb7 Rxb6 51. Rh7 Rb2+ 52. Kd3 Rb3+ 53. Kc4 Rxf3
54. d6 Rf7 55. Rh8+ Kd7 56. Kd5 a5 57. Ra8 Rf6 58. Rxa5 Rxd6+ 59. Kc4 Ke6 60.
Ra3 Rc6+ 61. Kd3 Kf6 62. Ke2 Rc3 63. Ra8 Re3+ 64. Kd2 Rxe4 65. Kd3 Re3+ 66. Kc4
Ke6 67. Re8+ Kf5 68. Kd5 Re2 69. Rf8+ Kg4 70. Rf7 Kg3 71. Rf8 Rf2 72. Rh8 Kf3
73. Rh3+ Ke2 74. Ra3 Bb2 75. Rh3 Kd2 76. Rg3 Kc2 77. Ke4 Rf4+ 78. Ke3 Bd4+ 79.
Ke2 Rf2+ 80. Ke1 e4 81. Rh3 Rg2 82. Ra3 e3 83. Kf1 Rf2+ {White resigns} 0-1

[Event "Team 45 45 League T68"]
[Site "Internet Chess Club"]
[Date "2016.03.29"]
[Round "3"]
[White "Axagus"]
[Black "JJ12"]
[Result "0-1"]
[WhiteElo "1751"]
[BlackElo "2101"]
[Opening "English: symmetrical, Benoni formation"]
[ECO "A31"]
[Time "19:01:55"]
[TimeControl "2700+45"]

1. d4 Nf6 2. c4 c5 3. Nf3 cxd4 4. Nxd4 e5 5. Nf3 Nc6 6. Nc3 Bc5 7. e3 d6 8. Be2
O-O 9. a3 a5 10. Qc2 Re8 11. O-O h6 12. Na4 e4 13. Nd4 Bxd4 14. exd4 Nxd4 15.
Qd1 Nxe2+ 16. Qxe2 Bd7 17. Nc3 Bc6 18. Rd1 Qe7 19. Bf4 Rad8 20. Nd5 Bxd5 21.
cxd5 Rc8 22. Qd2 Rc5 23. Qe1 Rec8 24. Be3 Rxd5 25. Rxd5 Nxd5 26. Qxa5 Nxe3 27.
fxe3 Rc2 28. Qb4 Qe6 29. Rd1 Qg4 30. Rd2 Rc1+ 31. Kf2 Qf5+ 32. Kg3 Qg5+ 33. Kh3
d5 34. g3 Qf5+ {White resigns} 0-1

[Event "Team 45 45 League T68"]
[Site "Internet Chess Club"]
[Date "2016.03.28"]
[Round "3"]
[White "gtmorton"]
[Black "gump12345"]
[Result "0-1"]
[WhiteElo "2081"]
[BlackElo "2028"]
[Opening "QGD Slav: 4.e3 Bf5"]
[ECO "D12"]
[Time "22:15:30"]
[TimeControl "2700+45"]

1. d4 d5 2. c4 c6 3. Nf3 Nf6 4. e3 Bf5 5. Nc3 a6 6. Qb3 Ra7 7. Nh4 Be4 8. f3
dxc4 9. Bxc4 Bd5 10. Nf5 e6 11. Ng3 Bxc4 12. Qxc4 b5 13. Qb3 c5 14. dxc5 Bxc5
15. Nce4 Nxe4 16. Nxe4 Be7 17. O-O O-O 18. Rd1 Rd7 19. Rxd7 Qxd7 20. a3 Nc6 21.
Bd2 f5 22. Nf2 Qxd2 23. Rd1 Qe2 24. Qxe6+ Kh8 25. Qxc6 Qxb2 26. Qxa6 Bxa3 27.
Qb6 b4 28. Rd3 Qc1+ 29. Rd1 Qc3 30. Rd3 Qe1# {White checkmated} 0-1